[Event "Early-Titled-Tuesday-Blitz-November-28-2023"]
[Site "Chess.com"]
[Date "2023.11.28"]
[Round "4"]
[White "Aradhya2000"]
[Black "zajka-molotok"]
[Result "1-0"]
[WhiteElo "2692"]
[BlackElo "2500"]
[TimeControl "180+1"]
[EndTime "8:39:23 PST"]
[Termination "Aradhya2000 won by resignation"]

1. d4 d5 2. c4 dxc4 3. Nf3 Nf6 4. e3 e6 5. Bxc4 a6 6. O-O Nbd7 7. Nbd2 b5 8. Be2 c5 9. a4 b4 10. Nc4 Bb7 11.
Nfe5 Be7 12. Nxd7 Nxd7 13. Bf3 Bxf3 14. Qxf3 cxd4 15. exd4 O-O 16. d5 exd5 17. Qxd5 Nc5 18. Qxd8 Rfxd8 19. Be3 Nb3 20. Rad1 Rac8 21. Nb6 Rxd1 22.
Rxd1 Rd8 23. Rxd8+ Bxd8 24. Nd5 a5 25. Kf1 f6 26.
Ke2 Kf7 27. Kd3 Ke6 28. Kc4 Na1 29. Bb6 Kd7 30. Bxd8 Kxd8 31. Ne3 Kd7 32. Kb5 Nb3 33. Nc4 Nd4+ 34. Kxa5 b3 35. Kb4 Kc6 36. a5 Kb7 37. Kc3 Ne2+ 38. Kxb3 Nf4 39. g3 Nd3 40. f4 Ne1 41. Ka4 Nf3 42. h4 Nd4 43. Ne3 Ne2 44. Nf1 Nd4 45. b4 Ka6 46. h5 f5 47. Ne3 g6 48. hxg6 hxg6 49. Nd5 Ne2 50. b5+ Ka7 51. b6+ Ka6 52. Nb4+ Kb7 53. Kb5 Nxg3 54. a6+ Kb8 55. Nc6+ Kc8 56. b7+ Kd7 57. b8=Q 1-0

[Event "Early-Titled-Tuesday-Blitz-November-28-2023"]
[Site "Chess.com"]
[Date "2023.11.28"]
[Round "4"]
[White "HalfIsCrayfish"]
[Black "Arvids_Andrejevs"]
[Result "1/2-1/2"]
[WhiteElo "2626"]
[BlackElo "2415"]
[TimeControl "180+1"]
[EndTime "8:39:23 PST"]
[Termination "Game drawn - insufficient material"]

1. d4 Nf6 2. c4 c5 3. d5 b5 4. cxb5 a6 5. bxa6 g6 6. Nc3 Bg7 7. Nf3 Qa5 8. g3 Nxd5 9. Qxd5 Bxc3+ 10. Bd2 Bxd2+ 11. Nxd2 Qxa6 12. Bg2 Nc6 13. O-O O-O 14. Qxc5 Qxe2 15. Nf3 Qxb2 16. h4 Qb4 17. Qc2 Ba6 18. Rfe1 Rac8 19. Qb3 Qxb3 20. axb3 Bd3 21. Ne5 Nxe5 22.
Rxe5 e6 23. Re3 Bc2 24. b4 d5 25. Ra2 Be4 26. Bxe4 dxe4 27. Rxe4 Rb8 28. Rb2 Rb7 29. Rc4 Rfb8 30. Kg2 Rb5 31. Kf3 Kg7 32. Ke3 Kf6 33. Kd3 h6 34. Kc3 g5 35. hxg5+ hxg5 36. Rc5 R5b7 37. b5 Ke7 38. Kc4 f5 39. Rc6 Kd7 40. Kc5 Rc7 41. Rxc7+ Kxc7 42. b6+ Kb7 43. Ra2 Rc8+ 44.
Kb5 Rc1 45. Ra7+ Kb8 46. Re7 Re1 47. Kc6 Rc1+ 48. Kd6 f4 49. gxf4 gxf4 50. Kxe6 Rc2 51. Rf7 Rxf2 52. Ke5 Rb2 53. Rxf4 Rxb6 54. Rf6 Rxf6 55.
Kxf6 1/2-1/2

[Event "Early-Titled-Tuesday-Blitz-November-28-2023"]
[Site "Chess.com"]
[Date "2023.11.28"]
[Round "4"]
[White "Valy02chess"]
[Black "DvaHrasta"]
[Result "0-1"]
[WhiteElo "2256"]
[BlackElo "2500"]
[TimeControl "180+1"]
[EndTime "8:39:23 PST"]
[Termination "DvaHrasta won on time"]

1. Nf3 Nf6 2. c4 e6 3. g3 d5 4. d4 dxc4 5. Bg2 c6 6. O-O b5 7. b3 cxb3 8. Qxb3 Be7 9. Nc3 O-O 10. a4 b4 11. Na2 a5 12. Rd1 Ba6 13. Qc2 Qb6 14. Ne5 Nd5 15. e4 b3 16. Qb2 bxa2 17. exd5 Qxb2 18. Bxb2 cxd5 19. Rxa2 f6 20. Nd3 Bc4 21.
Raa1 Nc6 22. Nf4 Kf7 23. Re1 Rab8 24. Bc3 Rb3 25. Nxe6 Rxc3 26. Nxf8 Kxf8 27. Re3 Bb4 28. Rxc3 Bxc3 29. Rb1 Bb4 30. Bf1 Nxd4 31. Bxc4 dxc4 32. Rd1 Nb3 33. Rd8+ Ke7 34. Rc8 Nc5 35. Kf1 Kd7 36. Rg8 Nxa4 37. Rxg7+ Ke6 38. Rxh7 c3 39. Ke2 Nc5 40.
Kd1 a4 41. Kc2 a3 42. Ra7 Kd5 43. h4 Kc4 44. h5 Nb3 45. h6 Nd4+ 0-1

[Event "Early-Titled-Tuesday-Blitz-November-28-2023"]
[Site "Chess.com"]
[Date "2023.11.28"]
[Round "4"]
[White "Shivananda1964"]
[Black "Goryachkina"]
[Result "0-1"]
[WhiteElo "2402"]
[BlackElo "2617"]
[TimeControl "180+1"]
[EndTime "8:39:24 PST"]
[Termination "Goryachkina won by resignation"]

1. e4 c5 2. Nf3 e6 3. c3 d5 4.
exd5 Qxd5 5. d4 Nf6 6. g3 cxd4 7. cxd4 Nc6 8. Bg2 Qd8 9. O-O Be7 10. Nc3 O-O 11. a3 Bd7 12. Ne5 Rc8 13. Re1 Be8 14.
Be3 a6 15. Rc1 Na5 16. Qe2 b5 17. g4 Nc4 18. g5 Nd5 19. Nxd5 exd5 20. h4 f6 21. Ng4 fxg5 22. Bxg5 Bxg5 23. hxg5 Bh5 24. Qe6+ Kh8 25. Ne5 Qxg5 26. Rc3 Rce8 27. Qxd5 Nxe5 28. dxe5 Qf4 29. Re2 Bxe2 30. Rg3 Qxf2+ 31. Kh2 Qf4 32. e6 Bc4 33. Qh5 Bxe6 34. Bf3 Qh6 35. Qxh6 gxh6 0-1

[Event "Early-Titled-Tuesday-Blitz-November-28-2023"]
[Site "Chess.com"]
[Date "2023.11.28"]
[Round "4"]
[White "Herman-NY"]
[Black "IsuruAlahakoon"]
[Result "1-0"]
[WhiteElo "2503"]
[BlackElo "2273"]
[TimeControl "180+1"]
[EndTime "8:39:24 PST"]
[Termination "Herman-NY won on time"]

1. e4 d5 2. exd5 Qxd5 3. Nc3 Qa5 4. d4 Nf6 5. Nf3 Bg4 6. h3 Bh5 7. g4 Bg6 8. Ne5 e6 9. Nc4 Qa6 10. h4 Qc6 11. Rh3 Bb4 12. Ne5 Qe4+ 13. Re3 Qxc2 14. h5 Be4 15. a3 Bxc3+ 16. bxc3 Qxd1+ 17. Kxd1 Nd5 18. Rg3 Ne7 19. h6 g6 20. Bg5 Nbc6 21. Bf6 O-O 22. Bxe7 Nxe7 23. Nd7 f5 24. Nxf8 Rxf8 25.
Ke1 f4 26. Rh3 Nd5 27. c4 Nf6 28. g5 Nd7 29. Rb3 b6 30. Bh3 Bf5 31. Bg2 c5 32.
d5 e5 33. a4 e4 34. a5 f3 35. Bf1 Re8 36. axb6 Nxb6 37. Rxa7 Nc8 38. Rg7+ Kh8 39. Rbb7 Nd6 40. Rxh7+ 1-0

[Event "Early-Titled-Tuesday-Blitz-November-28-2023"]
[Site "Chess.com"]
[Date "2023.11.28"]
[Round "4"]
[White "BarloNadera"]
[Black "erugee"]
[Result "1-0"]
[WhiteElo "2132"]
[BlackElo "2315"]
[TimeControl "180+1"]
[EndTime "8:39:24 PST"]
[Termination "BarloNadera won on time"]

1. d4 d5 2. Nf3 e6 3. c4 c6 4.
Qc2 f5 5. Nc3 Nf6 6. Bg5 Be7 7.
Bxf6 Bxf6 8. e3 O-O 9. Bd3 Bd7 10.
h3 Be8 11. g4 g6 12. gxf5 gxf5 13. O-O-O Kh8 14. Rdg1 Bh5 15. Ne5 Nd7 16. f4 Nb6 17. c5 Nd7 18. Be2 Be8 19. Rg2 Rc8 20.
Rhg1 b6 21. Na4 bxc5 22. Nxc5 Nxc5 23. Qxc5 Qe7 24. Qxe7 Bxe7 25. Rg7 Bf6 26. Rxa7 c5 27. dxc5 Rxc5+ 28. Kd2 Bxe5 29. fxe5 Bg6 30. Rc1 Rfc8 31. Rxc5 Rxc5 32. b4 Rc8 33. b5 f4 34. exf4 Rc2+ 35.
Kd1 Rb2 36. a4 d4 37. Bc4 d3 38. Rd7 Bh5+ 39. Ke1 Rb1+ 40. Kd2 Rb4 41. Bxd3 Rxa4 42. b6 Ra2+ 43. Ke3 Rb2 44. b7 1-0

[Event "Early-Titled-Tuesday-Blitz-November-28-2023"]
[Site "Chess.com"]
[Date "2023.11.28"]
[Round "4"]
[White "Zhigalko_Sergei"]
[Black "GaiozNigalidze"]
[Result "1-0"]
[WhiteElo "2911"]
[BlackElo "2672"]
[TimeControl "180+1"]
[EndTime "8:39:25 PST"]
[Termination "Zhigalko_Sergei won on time"]

1. e4 c5 2. Nf3 Nc6 3. c3 d5 4. exd5 Qxd5 5. d4 Nf6 6. dxc5 Qxc5 7. Na3 Qa5 8. Be2 e6 9. Nb5 Be7 10. O-O O-O 11. Nbd4 Bd7 12. Bd3 e5 13. Nb3 Qc7 14.
Re1 Bg4 15. h3 Bh5 16. Qe2 Bd6 17. Bg5 Nd7 18. Rad1 Nc5 19. Nxc5 Bxc5 20. Be3 Bxe3 21. Qxe3 Rfe8 22. Be4 f6 23. Rd2 Rad8 24. Red1 Rxd2 25. Rxd2 Bf7 26. a3 g6 27. h4 Kg7 28. h5 a6 29. h6+ Kf8 30. Qc5+ Qe7 31. Qb6 Rc8 32. b4 Be8 33. c4 Qc7 34. Qe3 Rd8 35. c5 Rxd2 36.
Nxd2 Ne7 37. Nc4 Bc6 38. Qf3 1-0

[Event "Early-Titled-Tuesday-Blitz-November-28-2023"]
[Site "Chess.com"]
[Date "2023.11.28"]
[Round "4"]
[White "RoelandPruijssers"]
[Black "Olya_Oblachko"]
[Result "1-0"]
[WhiteElo "2698"]
[BlackElo "2262"]
[TimeControl "180+1"]
[EndTime "8:39:25 PST"]
[Termination "RoelandPruijssers won on time"]

1. e4 e6 2. d4 d5 3. e5 c5 4. c3 Nc6 5. Nf3 Bd7 6. Na3 Nge7 7.
Nc2 Ng6 8. Bd3 cxd4 9. cxd4 Be7 10. O-O O-O 11. Re1 Rc8 12. g3 Qe8 13. Ng5 h6 14.
Nh3 f6 15. Qg4 f5 16. Qe2 Nb4 17. Nxb4 Bxb4 18. Rd1 Ne7 19. Nf4 Ba5 20. h4 Bb6 21. Be3 Nc6 22. Bc2 Nb4 23. Bb3 Bb5 24. Qd2 Nc6 25.
Qe1 Na5 26. h5 Nxb3 27. axb3 a6 28. Qd2 Qd7 29. Rdc1 Rc6 30. Ng6 Rfc8 31. Rxc6 Rxc6 32. Bxh6 gxh6 33. Qxh6 Qg7 34. Qg5 Rc8 35. h6 Qf7 36.
Ne7+ Kh7 37. Nxc8 Bxd4 38. Nd6 Qg6 39. Qxg6+ Kxg6 40. Nxb5 axb5 41. Ra5 1-0

[Event "Early-Titled-Tuesday-Blitz-November-28-2023"]
[Site "Chess.com"]
[Date "2023.11.28"]
[Round "4"]
[White "carloseduar100"]
[Black "Chess4always"]
[Result "0-1"]
[WhiteElo "2289"]
[BlackElo "2045"]
[TimeControl "180+1"]
[EndTime "8:39:25 PST"]
[Termination "Chess4always won by checkmate"]

1. e4 c6 2. Nf3 d5 3. Nc3 dxe4 4.
Nxe4 Nf6 5. Nxf6+ gxf6 6. d4 Bg4 7.
c3 Nd7 8. g3 e6 9. Bg2 Bd6 10.
Be3 Qc7 11. Qd2 Bxf3 12. Bxf3 h5 13. h4 f5 14. a4 a5 15. Qe2 Nf6 16. Bg5 Ng4 17.
O-O Be7 18. Bf4 Bd6 19. Bxd6 Qxd6 20. Rfd1 Rg8 21. b4 axb4 22. cxb4 f4 23. Kg2 fxg3 24. fxg3 Nf6 25. Qe5 Qxe5 26. dxe5 Nd5 27. b5 Ne3+ 28. Kh3 Nxd1 29. Rxd1 cxb5 30. axb5 Ra3 31. Bxb7 Rgxg3+ 32. Kh2 Rh3+ 33. Kg2 Rxh4 34. Bc6+ Kf8 35. b6 Rb4 36. b7 Kg7 37. Kh2 Rb2+ 38. Bg2 Raa2 39. Kh3 Ra3+ 40. Kh2 Kh6 41. Rd8 Raa2 42. Kh3 Ra3+ 43. Kh2 Rab3 44. Rg8 Kh7 45. Rg5 Kh6 46. Rg8 Rxb7 47. Rh8+ Kg5 48. Kh3 R7b3+ 49. Kh2 Re3 50. Rf8 Ree2 51. Rg8+ Kf4 52. Kh3 Rxg2 53. Rxg2 Rxg2 54. Kxg2 Kxe5 55. Kh3 Kf4 56. Kh4 e5 57. Kxh5 e4 58. Kh4 Kf3 59. Kh3 e3 60. Kh4 e2 61. Kg5 e1=Q 62. Kf6 Qe6+ 63. Kg7 f5 64. Kh7 Qf6 65. Kg8 Qe7 66. Kh8 Kg4 67. Kg8 Kg5 68. Kh8 Kg6 69. Kg8 Qg7# 0-1

[Event "Early-Titled-Tuesday-Blitz-November-28-2023"]
[Site "Chess.com"]
[Date "2023.11.28"]
[Round "4"]
[White "SlavenPastar"]
[Black "ozen_metehan"]
[Result "0-1"]
[WhiteElo "2642"]
[BlackElo "2443"]
[TimeControl "180+1"]
[EndTime "8:39:26 PST"]
[Termination "ozen_metehan won by resignation"]

1. Nf3 Nf6 2. g3 b5 3. Bg2 Bb7 4. Na3 a6 5. c4 b4 6. Nc2 e6 7. d4 c5 8. b3 Be7 9. Bb2 O-O 10. d5 exd5 11. Nh4 Re8 12. O-O Ne4 13. Nf5 Bf6 14.
Qc1 Nc3 15. Bxc3 Bxc3 16. Nd6 Bc6 17. cxd5 Bb5 18. Nxe8 Qxe8 19. Bf3 d6 20. Qe3 Qxe3 21. Nxe3 Bxa1 22. Rxa1 g6 23. a3 Nd7 24. axb4 cxb4 25.
Nc2 Nc5 26. Nd4 Bd7 27. Ra5 Kg7 28. e3 Nb7 29. Ra2 Nc5 30. Ra5 Nb7 31. Ra2 Nc5 32. Kf1 a5 33. Bd1 Ne4 34. Be2 Nc3 35. Ra1 Nxd5 36.
Bf3 Be6 37. e4 Nc3 38. e5 Ra6 39. exd6 Rxd6 40. Nc6 a4 41. bxa4 b3 42. Ra3 b2 43.
Rb3 Bxb3 0-1

[Event "Early-Titled-Tuesday-Blitz-November-28-2023"]
[Site "Chess.com"]
[Date "2023.11.28"]
[Round "4"]
[White "Magila31"]
[Black "FontVella8"]
[Result "0-1"]
[WhiteElo "2364"]
[BlackElo "2602"]
[TimeControl "180+1"]
[EndTime "8:39:26 PST"]
[Termination "FontVella8 won on time"]

1. Nf3 d5 2. g3 e6 3. Bg2 Nf6 4.
O-O b5 5. b3 Be7 6. Bb2 O-O 7. c4 bxc4 8. bxc4 Bb7 9. Nc3 Nbd7 10. Rb1 Rb8 11. Ba1 Ba8 12. cxd5 exd5 13. Qa4 c5 14. Qxa7 d4 15. Na4 Bc6 16. Rxb8 Qxb8 17. Qxb8 Rxb8 18. Nb2 Ra8 19. a4 Nb6 20. Ne5 Bxg2 21.
Kxg2 Nxa4 22. Nbc4 Nd5 23. e3 dxe3 24. dxe3 Nb4 25.
Rd1 Rd8 26. Rd7 Rxd7 27. Nxd7 f6 28. Bb2 Kf7 29. Bc1 Ke6 30. Ndb6 Nxb6 31. Nxb6 Bd8 32.
Na4 Kd5 33. Nb2 f5 34. Kf3 Bf6 35. Ke2 c4 36. Na4 c3 37. Ba3 Nc2 38. Bc5 Kc4 39. Bd6 Na1 40. Nc5 c2 0-1

[Event "Early-Titled-Tuesday-Blitz-November-28-2023"]
[Site "Chess.com"]
[Date "2023.11.28"]
[Round "4"]
[White "luckyswitchback"]
[Black "FoxOnTheRun97"]
[Result "1-0"]
[WhiteElo "2791"]
[BlackElo "2564"]
[TimeControl "180+1"]
[EndTime "8:39:27 PST"]
[Termination "luckyswitchback won by checkmate"]

1. e4 c6 2. Nf3 d5 3. d3 dxe4 4. dxe4 Qxd1+ 5. Kxd1 Nf6 6. Nfd2 g5 7. a4 h5 8. a5 a6 9. Nc3 Bg7 10. h4 Ng4 11.
Ke1 Bd4 12. Nd1 gxh4 13. Rxh4 Bf6 14. Rh1 Nd7 15. Be2 Nde5 16. f3 Nh6 17. Rxh5 Bg7 18.
Nc4 Nxc4 19. Bxc4 f5 20. exf5 Nxf5 21. Rxh8+ Bxh8 22. c3 Nd6 23. Bd3 Bf5 24. Bxf5 Nxf5 25. Ne3 Nd6 26. Bd2 Bf6 27. Ke2 Kf7 28. Rh1 Rd8 29.
Rh7+ Kg6 30. Rh1 Bg5 31. g3 Nf5 32. Rh3 Rxd2+ 33. Kxd2 Bxe3+ 34. Kd3 Bc5 35. g4 Ng7 36.
Rh8 Bd6 37. b4 Ne6 38. Ra8 c5 39. Kc4 cxb4 40. cxb4 Ng5 41. Ra7 Nxf3 42. Rxb7 Ne5+ 43. Kd5 Nxg4 44. b5 Nf6+ 45. Kc6 axb5 46. a6 Ng4 47. a7 Ne5+ 48. Kd5 Nc4 49. a8=Q Kf7 50. Rxb5 Ne3+ 51. Ke4 Ng4 52. Qd5+ Kf8 53. Qg5 Nf6+ 54. Kf5 Ke8 55. Ke6 Kd8 56. Qd2 Kc7 57. Qa5+ Kc6 58. Qb6# 1-0

[Event "Early-Titled-Tuesday-Blitz-November-28-2023"]
[Site "Chess.com"]
[Date "2023.11.28"]
[Round "4"]
[White "vovachesss"]
[Black "DanylaBagrov"]
[Result "1-0"]
[WhiteElo "2857"]
[BlackElo "2574"]
[TimeControl "180+1"]
[EndTime "8:39:27 PST"]
[Termination "vovachesss won by checkmate"]

1. e4 d6 2. d4 Nf6 3. Nc3 e5 4. Nf3 Nbd7 5. Rg1 Be7 6. g4 exd4 7. Nxd4 Nc5 8. Qf3 Be6 9. Be3 Nfd7 10. O-O-O Ne5 11.
Qe2 Bc4 12. Qd2 Bxf1 13. Rdxf1 Nc4 14. Qe2 Nxe3 15. Qxe3 Qd7 16. Nf5 Ne6 17. Nd5 Bd8 18. Qc3 O-O 19. g5 c6 20. Nf6+ gxf6 21. gxf6+ Kh8 22.
Rg7 Nf4 23. Qf3 Bxf6 24. Rxh7+ Kxh7 25. Qxf4 Bg7 26. Qh4+ Kg8 27. Ne7+ Qxe7 28. Qxe7 Rae8 29. Qxd6 Rxe4 30. Rg1 Re6 31. Qd7 Rfe8 32. Qxb7 Re2 33. Qxc6 Kh7 34. c3 Rxf2 35. Qc4 Ree2 36. Qd3+ Kg8 37.
Qd8+ Kh7 38. Qh4+ Kg8 39. Qg5 Rc2+ 40. Kd1 Kf8 41. Qd8# 1-0

[Event "Early-Titled-Tuesday-Blitz-November-28-2023"]
[Site "Chess.com"]
[Date "2023.11.28"]
[Round "4"]
[White "MelihKaanCan"]
[Black "bazar-wokzal"]
[Result "1-0"]
[WhiteElo "2444"]
[BlackElo "2621"]
[TimeControl "180+1"]
[EndTime "8:39:28 PST"]
[Termination "MelihKaanCan won by checkmate"]

1. e4 Nc6 2. Nf3 d5 3. exd5 Qxd5 4. Nc3 Qa5 5. h3 Nf6 6. Bb5 Bd7 7. d3 a6 8. Ba4 O-O-O 9. Bd2 Qh5 10. Qe2 b5 11. Bb3 Bg4 12. Bxf7 Qxf7 13. hxg4 Nxg4 14. Qe4 Nce5 15. Nxe5 Qxf2+ 16. Kd1 Nxe5 17. Qxe5 Qxg2 18. Re1 h5 19. a4 b4 20. Nd5 Qxd5 21. Bxb4 h4 22.
Kd2 g5 23. Qxh8 g4 24. Qxh4 Qd4 25. c3 Qf4+ 26. Re3 Bh6 27. Qxe7 Qf2+ 28. Kc1 Bxe3+ 29.
Kb1 g3 30. Qe6+ Kb7 31. Qe4+ Kb8 32. Ra3 g2 33. Rb3 g1=Q+ 34. Ka2 Kc8 35. Qe6+ Rd7 36. Qe8+ Rd8 37. Qe6+ Kb7 38. Bc5+ Ka8 39. Qxa6# 1-0

[Event "Early-Titled-Tuesday-Blitz-November-28-2023"]
[Site "Chess.com"]
[Date "2023.11.28"]
[Round "4"]
[White "Pingah9"]
[Black "OK97"]
[Result "0-1"]
[WhiteElo "2543"]
[BlackElo "2783"]
[TimeControl "180+1"]
[EndTime "8:39:29 PST"]
[Termination "OK97 won by resignation"]

1. e4 c5 2. Nc3 Nc6 3. Nge2 d6 4. d4 cxd4 5. Nxd4 Nf6 6. Bg5 e6 7. Qd2 a6 8. O-O-O Bd7 9. f4 Be7 10. h4 h6 11. Bxf6 Bxf6 12. Nb3 Be7 13. g4 Qc7 14. Bg2 O-O-O 15. Qf2 Kb8 16. Kb1 Rhf8 17. g5 hxg5 18. hxg5 f6 19. g6 f5 20. exf5 Rxf5 21. Bh3 Rf6 22. f5 Rdf8 23. Qe2 Rxf5 24. Bxf5 Rxf5 25. Rh8+ Ka7 26. Qe3+ b6 27. a4 Kb7 28. Rh7 Bf6 29. Ne4 Be5 30. Nbd2 d5 31. Nf2 Bd4 32.
Qa3 Rxf2 33. Nb3 Bf6 34. a5 Nxa5 35. Nxa5+ bxa5 36. c3 Bb5 37. Qf8 a4 38. Rh8 Rxb2+ 39. Ka1 Rb3 40. Qa8+ Kb6 41. Qb8+ Qxb8 42. Rxb8+ Kc7 43.
Ka2 Kxb8 0-1

[Event "Early-Titled-Tuesday-Blitz-November-28-2023"]
[Site "Chess.com"]
[Date "2023.11.28"]
[Round "4"]
[White "GMthekingindian"]
[Black "Alenzer"]
[Result "1-0"]
[WhiteElo "2314"]
[BlackElo "2033"]
[TimeControl "180+1"]
[EndTime "8:39:30 PST"]
[Termination "GMthekingindian won on time"]

1. e4 c5 2. Nf3 e6 3. c3 d5 4.
exd5 exd5 5. d4 Nf6 6. Bb5+ Nc6 7. O-O Bd6 8. dxc5 Bxc5 9. Nbd2 O-O 10. Nb3 Bb6 11. h3 a6 12. Bd3 Be6 13. Nbd4 Re8 14. Bg5 h6 15. Bh4 g5 16. Bg3 Ne4 17. Nxc6 bxc6 18. Be5 f6 19. Bh2 Qd7 20. Nd4 c5 21. Nxe6 Qxe6 22. Bxe4 dxe4 23. Qh5 Kg7 24. Rad1 Rad8 25.
Kh1 c4 26. h4 Rxd1 27. Rxd1 Bxf2 28. Rd6 Qe7 29. Qg4 Rd8 30. Rxd8 Qxd8 31. h5 Qd5 32. Bg1 e3 33. Qe2 Bxg1 34. Kxg1 Qd3 35. Qf3 Qb1+ 36.
Kh2 Qd3 37. Qc6 Kf7 38. Qc7+ Ke6 39. Qc8+ Ke5 40. Qe8+ 1-0

[Event "Early-Titled-Tuesday-Blitz-November-28-2023"]
[Site "Chess.com"]
[Date "2023.11.28"]
[Round "4"]
[White "Alexei_Gubajdullin"]
[Black "Kotofeyca"]
[Result "1-0"]
[WhiteElo "2676"]
[BlackElo "2452"]
[TimeControl "180+1"]
[EndTime "8:39:31 PST"]
[Termination "Alexei_Gubajdullin won by resignation"]

1. d4 d5 2. Nf3 c6 3. Bf4 Nf6 4.
Nbd2 Bg4 5. e3 e6 6. c4 Bd6 7.
Bxd6 Qxd6 8. Qb3 Qc7 9. Ne5 Bf5 10. Rc1 Nbd7 11. cxd5 exd5 12. Nxd7 Qxd7 13. Nf3 O-O 14. Ne5 Qe7 15. Be2 Rab8 16. O-O Nd7 17. Nd3 Bxd3 18. Bxd3 f5 19. Qa3 Qxa3 20. bxa3 g6 21. g3 Kf7 22. a4 Ke7 23. a5 Kd6 24. Rc3 Nf6 25. Rfc1 Rfc8 26. h4 Ne4 27. Ra3 Rc7 28. Kg2 Kd7 29.
h5 g5 30. f3 Nd6 31. g4 Rf8 32. h6 fxg4 33. fxg4 Rf6 34. Rh1 Ne4 35. Bxe4 dxe4 36.
Rc3 Kd6 37. Rc5 Rcf7 38. Rxg5 Rf2+ 39. Kh3 R2f3+ 40. Kh4 Rxe3 41. Rg7 Ke6 42. g5 Rxg7 43.
hxg7 Kf7 44. Rb1 Kxg7 45. Rxb7+ Kg6 46. Rxa7 Ra3 47. Ra6 Kg7 48. Kg4 Rxa2 49. Kf4 e3 50.
Kxe3 Ra4 51. Kd3 Kf7 52. Kc3 Kg6 53. d5 Kxg5 54. dxc6 Rf4 55. c7 Rf8 56. Kd4 Rc8 57. Rc6 h5 58. Kd5 h4 59. Kd6 h3 60. Rc1 Kg4 61.
Kd7 Ra8 62. c8=Q Rxc8 63. Kxc8 1-0

[Event "Early-Titled-Tuesday-Blitz-November-28-2023"]
[Site "Chess.com"]
[Date "2023.11.28"]
[Round "4"]
[White "AlexTruskavetsky"]
[Black "Eagle_2019"]
[Result "0-1"]
[WhiteElo "2436"]
[BlackElo "2672"]
[TimeControl "180+1"]
[EndTime "8:39:31 PST"]
[Termination "Eagle_2019 won by resignation"]

1. d4 d5 2. c4 e6 3. Nc3 Nf6 4. cxd5 exd5 5. Bg5 c6 6. e3 Bd6 7. Bd3 O-O 8. Qc2 h6 9. Bh4 Re8 10. Nge2 a5 11. h3 Na6 12. a3 Nc7 13. O-O Ne6 14. f3 Be7 15. Bf2 Nh5 16. g4 Nf6 17. Rae1 b5 18.
Kg2 Bd7 19. e4 dxe4 20. fxe4 b4 21. Nd1 bxa3 22. bxa3 Bxa3 23. Ne3 Bb4 24. Rd1 Ng5 25. e5 Nd5 26. Nxd5 cxd5 27. Nf4 Rc8 28. Qb1 Ne4 29. Bxe4 dxe4 30. Qxe4 Bb5 31. Rg1 Qg5 32. Qf5 Bc6+ 33. d5 Ba8 34. Rc1 Rxc1 35. Rxc1 Bd2 36. Rc8 Rxc8 37. Qxc8+ Kh7 38. Qc2+ g6 39. Qxd2 Qxe5 40.
Bg3 g5 41. Nh5 Qxd5+ 42. Qxd5 Bxd5+ 43. Kh2 Kg6 44. Be5 f5 45. Ng3 f4 46. Ne2 a4 47.
Nc3 Bc6 48. h4 h5 49. gxh5+ Kxh5 50. hxg5 Kxg5 51. Ne2 f3 52. Nd4 f2 53. Ne6+ Kg4 0-1

[Event "Early-Titled-Tuesday-Blitz-November-28-2023"]
[Site "Chess.com"]
[Date "2023.11.28"]
[Round "4"]
[White "alexrustemov"]
[Black "wonderfultime"]
[Result "0-1"]
[WhiteElo "2862"]
[BlackElo "3076"]
[TimeControl "180+1"]
[EndTime "8:39:33 PST"]
[Termination "wonderfultime won on time"]

1. d4 d5 2. c4 e6 3. Nc3 Bb4 4. Nf3 dxc4 5. Qa4+ Nc6 6. e3 Bd7 7. Qc2 b5 8. Bd2 a6 9. Be2 Nf6 10. O-O O-O 11. b3 Bxc3 12. Qxc3 Ne4 13. Qc2 Nxd2 14. Nxd2 e5 15. dxe5 cxb3 16. Nxb3 Nxe5 17. Rac1 Qf6 18. Qxc7 Rfc8 19. Qa5 g6 20. Nd4 Kg7 21. h3 Nc6 22. Nxc6 Bxc6 23. Rfd1 Bb7 24. Rc7 Be4 25. Rdd7 Rxc7 26. Qxc7 Bf5 27. Rd4 Rc8 28. Qf4 Rc2 29. Bf3 Rxa2 30. Rd6 Be6 31. Qg3 b4 32. Rb6 a5 33.
Bd5 Qa1+ 34. Kh2 Bxd5 35. Qd6 Be6 36. Rb8 Kh6 37. Qf8+ Qg7 38. Qd6 Rxf2 39. Qg3 Qf6 0-1

[Event "Early-Titled-Tuesday-Blitz-November-28-2023"]
[Site "Chess.com"]
[Date "2023.11.28"]
[Round "4"]
[White "shimastream"]
[Black "Zavgorodniy_Sergiy"]
[Result "1-0"]
[WhiteElo "2952"]
[BlackElo "2694"]
[TimeControl "180+1"]
[EndTime "8:39:33 PST"]
[Termination "shimastream won on time"]

1. d4 Nf6 2. c4 e6 3. Nc3 Bb4 4. e3 b6 5. Ne2 Ne4 6. Qc2 Bb7 7.
a3 Bxc3+ 8. Nxc3 Nxc3 9. Qxc3 Qh4 10. b4 O-O 11. Bb2 Be4 12. Qd2 d6 13. O-O-O a5 14.
f3 Bg6 15. b5 c6 16. g3 Qe7 17. e4 cxb5 18. cxb5 d5 19. Bd3 Nd7 20. exd5 Bxd3 21. Qxd3 exd5 22. Kb1 Rac8 23. Rhe1 Qd6 24. Re2 Rfe8 25.
Rxe8+ Rxe8 26. Rc1 Nb8 27. Rc2 h6 28. Bc1 Qe6 29.
Bf4 Nd7 30. Kb2 Qe1 31. Qf5 Nf6 32. Be5 Qf1 33. a4 Qe1 34. Bd6 Re2 35. Qd3 Rxc2+ 36. Qxc2 Qe3 37. Qc3 Qe2+ 38. Kb3 Qd1+ 39. Ka3 g6 40. Be5 Nd7 41. Qc8+ Nf8 42. Qc3 Qe2 43. g4 Ne6 44. h4 1-0

[Event "Early-Titled-Tuesday-Blitz-November-28-2023"]
[Site "Chess.com"]
[Date "2023.11.28"]
[Round "4"]
[White "GrumbleBruno"]
[Black "stratacticos"]
[Result "1-0"]
[WhiteElo "2425"]
[BlackElo "1737"]
[TimeControl "180+1"]
[EndTime "8:39:34 PST"]
[Termination "GrumbleBruno won on time"]

1. e4 c5 2. c3 d5 3. exd5 Qxd5 4. d4 cxd4 5. cxd4 e5 6. Nf3 Nc6 7. Nc3 Bb4 8. Nxe5 Nxe5 9. dxe5 Qxd1+ 10. Kxd1 Bxc3 11.
bxc3 Bd7 12. Be3 Ne7 13. Bc4 O-O 14. Bb3 a5 15. Bc5 Rfe8 16. Re1 a4 17. Bc2 Nc6 18. Bd6 Rad8 19. Bd3 Bg4+ 20. Kc2 Bh5 21. Rab1 Bg6 22. Bxg6 hxg6 23. Rxb7 Rxd6 24. exd6 Rxe1 25. d7 Re2+ 26. Kd3 Rxf2 27. Rc7 Ne5+ 28. Ke3 Nxd7 29. Kxf2 Nf6 30. Ke3 Nd5+ 31. Kd4 Nxc7 32. Kc5 Kf8 33. c4 Ke7 34. Kb4 Kd6 35. Kxa4 Kc5 36. Kb3 Ne8 37. a4 Nd6 38.
a5 Nxc4 39. a6 Nb6 40. a7 Kc6 41. Kb4 Kb7 42. Kc5 Kxa7 43. Kd6 Kb7 44. Ke7 f5 45.
Kf7 g5 46. Kg6 Nd5 47. Kxf5 Ne3+ 48. Kxg5 Nxg2 49. Kg6 1-0

[Event "Early-Titled-Tuesday-Blitz-November-28-2023"]
[Site "Chess.com"]
[Date "2023.11.28"]
[Round "4"]
[White "Byniolus"]
[Black "Tartody"]
[Result "0-1"]
[WhiteElo "2810"]
[BlackElo "2617"]
[TimeControl "180+1"]
[EndTime "8:39:35 PST"]
[Termination "Tartody won on time"]

1. d4 e6 2. Nf3 d6 3. Bf4 h6 4. h3 g5 5. Bh2 Bg7 6. e3 Ne7 7. c4 Nd7 8. Nc3 b6 9. Bd3 Bb7 10. Qc2 f5 11. O-O-O Nf6 12. e4 fxe4 13. Nxe4 O-O 14.
Rhe1 Qd7 15. Nxf6+ Rxf6 16. Be4 Bxe4 17. Rxe4 Raf8 18.
Rde1 Ng6 19. Bg3 a5 20. h4 gxh4 21. Nxh4 Nxh4 22. Bxh4 Rf4 23. Bg3 Rxe4 24. Qxe4 e5 25. dxe5 dxe5 26. Rd1 Qe7 27. f4 a4 28. a3 b5 29. Kb1 b4 30. axb4 Qxb4 31. Be1 Qb3 32. Rd3 Qb6 33. Bc3 a3 34. Rd7 axb2 35. Rxg7+ Kxg7 36. Qxe5+ Kf7 37. Qf5+ Ke7 38. Qe4+ Kd7 39.
Qd5+ Qd6 40. Qb5+ Qc6 41. Qe5 Re8 42. Qd4+ Kc8 43. Kxb2 Qxg2+ 44. Ka3 Qa8+ 45. Kb3 Qb7+ 46. Bb4 Qf3+ 47. Ka4 Qe4 48. Qg7 Kb7 0-1

[Event "Early-Titled-Tuesday-Blitz-November-28-2023"]
[Site "Chess.com"]
[Date "2023.11.28"]
[Round "4"]
[White "Vesper2018"]
[Black "igorkovalenko"]
[Result "1-0"]
[WhiteElo "2617"]
[BlackElo "2889"]
[TimeControl "180+1"]
[EndTime "8:39:36 PST"]
[Termination "Vesper2018 won by resignation"]

1. e4 e6 2. d4 d5 3. e5 c5 4. c3 Ne7 5. Nf3 Nec6 6. Bd3 b6 7. O-O Be7 8. Re1 a5 9. a4 Ba6 10. Na3 Bxd3 11. Qxd3 cxd4 12. Nxd4 Nxd4 13. cxd4 Nc6 14. Nb5 Rc8 15. Qg3 g6 16. Nd6+ Bxd6 17. exd6 Kd7 18. Bf4 Re8 19. Rac1 Qf6 20. Be5 Qf5 21. Rc3 Nxe5 22.
dxe5 Rxc3 23. Qxc3 Rc8 24. Qd4 Qe4 25. Qxe4 dxe4 26.
g3 Rc4 27. b3 Rc3 28. Rxe4 Rxb3 29. Rc4 Rf3 30. Kg2 Rf5 31. f4 g5 32. Rc7+ Kd8 33. Kf3 gxf4 34. gxf4 h6 35. Rb7 Kc8 36. Rxb6 f6 37. Rb5 Kd7 38. Rxa5 fxe5 39. Rxe5 Rf8 40. Rh5 Ra8 41. a5 Kxd6 42. Ke4 Ke7 43. Rb5 Kf6 44. h4 Ra7 45. Kd4 Ra8 46. Kc4 Ra6 47. Kb4 Ra8 48. Rc5 Rb8+ 49. Ka4 Rd8 50. a6 Rd4+ 51. Ka5 Rxf4 52. a7 Rf1 53. Rc4 1-0